 Dungeon Crawl Stone Soup version 0.26-a0-812-g31a745ddcd (webtiles) character file.

Game seed: 5302938431600151426

3 mkm the Stinger (level 1, -2/10 HPs)
             Began as a Gargoyle Venom Mage on Nov 24, 2020.
             Slain by an ooze (3 damage)
             ... on level 1 of the Dungeon.
             The game lasted 00:01:56 (145 turns).

mkm the Stinger (Gargoyle Venom Mage)                Turns: 145, Time: 00:01:57

Health: -2/10      AC:  5    Str: 11    XL:     1   Next: 50%
Magic:  0/3        EV: 12    Int: 15    God:
Gold:   9          SH:  0    Dex: 10    Spells: 3/4 levels left

rFire    . . .     SeeInvis .   c - +0 club
rCold    . . .     Faith    .   (no shield)
rNeg     + . .     Spirit   .   a - +0 robe
rPois    ∞         Reflect  .   (no helmet)
rElec    +         Harm     .   (no cloak)
rCorr    .         Rampage  .   (no gloves)
MR       .....                  b - +0 pair of boots
Stlth    ++........             (no amulet)
HPRegen  0.03/turn              (no ring)
MPRegen  0.08/turn              (no ring)

@: no status effects
A: negative energy resistance 1, electricity resistance, unbreathing,
petrification resistance, rot immunity, AC +2
a: no special abilities


You were on level 1 of the Dungeon.
You visited 1 branch of the dungeon, and saw 1 of its levels.

You collected 9 gold pieces.

Inventory:

Hand Weapons
 c - a +0 club (weapon)
Armour
 a - a +0 robe (worn)
 b - a +0 pair of boots (worn)
Scrolls
 d - a scroll of blinking {unknown}


   Skills:
 + Level 1.5 Dodging
 + Level 2.1 Stealth
 + Level 2.0 Spellcasting
 + Level 0.7 Transmutations
 + Level 3.2 Poison Magic


You had 3 spell levels left.
You knew the following spells:

 Your Spells              Type           Power        Failure   Level
a - Sting                 Tmut/Pois      #...         10%         1

Your spell library contained the following spells:

 Spells                   Type           Power        Failure   Level
 Poisonous Vapours        Pois/Air       #.....       17%         2
 Ignite Poison            Fire/Tmut/Pois #.......     36%         3
 Mephitic Cloud           Conj/Pois/Air  #.......     41%         3
 Olgreb's Toxic Radiance  Pois           ##......     52%         4


Dungeon Overview and Level Annotations

Branches:
Dungeon (1/15)

Altars:


Innate Abilities, Weirdness & Mutations

You are resistant to torment.
Your stone body is resilient. (AC +2)
You are immune to poison.
You resist negative energy. (rN+)
You are resistant to electric shocks. (rElec)
You can survive without breathing.
You are immune to petrification.
You are immune to rotting.


Message History

The ooze misses you.
You hit the ooze but do no damage.
The ooze is almost dead.
The ooze closely misses you.
You hit the ooze but do no damage.
The ooze is almost dead.
The ooze closely misses you. The ooze hits you but does no damage.
You completely miss the ooze.
The ooze is almost dead.
The ooze closely misses you.
You hit the ooze but do no damage.
The ooze is almost dead.
The ooze jiggles.
The ooze misses you.
You completely miss the ooze.
The ooze is almost dead.
The ooze hits you.
* * * LOW HITPOINT WARNING * * *
The ooze hits you.
You die...

#........#....#......# . ...
#......###....#......# # .##.#
#......#...#.##.###### ##
....#####......#.........# #†
#.............#....†....#######.
#...###....#.............##......
..#.##...................##.#####
.##.##.###..................#
#...............@J.........##
#..........##..............#
...............#.........#.#
#...(......##.###.....####...
####+##.......# ##....# ##...
#....#### #.....# .... ....#
#.#..... .... >...# ..###


You could see an ooze.

Vanquished Creatures
  A ball python (D:1)
  A goblin (D:1)
  A bat (D:1)
3 creatures vanquished.

Notes
Turn   | Place    | Note
-------+----------+-------------------------------------------
     0 | D:1      | mkm the Gargoyle Venom Mage began the quest for the Orb.
     0 | D:1      | Reached XP level 1. HP: 10/10 MP: 3/3
   145 | D:1      | Slain by an ooze

Illustrated notes

Levels and vault maps discovered:
D:1:      dpeg_arrival_rooms_b, layout_rooms

Action                   || total
-------------------------++-------
Melee: Club              ||    13
 Cast: Sting             ||     6
  Use: Potion            ||     2
Armor: Robe              ||     8
Dodge: Dodged            ||    17

Table legend: (Time is in decaauts)
 A = Elapsed time spent in this place.
 B = Non-inter-level travel time spent in this place.
 C = Inter-level travel time spent in this place.
 D = Time resting spent in this place.
 E = Time spent auto-exploring this place.
 F = Levels seen in this place.
 G = Mean time per level.
                   A        B        C        D        E       F      G
               +--------+--------+--------+--------+--------+-----+--------+
         Total |    148 |    148 |      0 |      0 |     78 |   1 |  148.0 |
       Dungeon |    148 |    148 |      0 |      0 |     78 |   1 |  148.0 |
               +--------+--------+--------+--------+--------+-----+--------+

Top non-repeatable levels by time:
     D:1: 148 daAuts
